 Dungeon Crawl Stone Soup version 0.25.1-2-g60ff931df9 (webtiles) character file.

Game seed: 12870489775951835316

256 Eitelfritz the Shield-Bearer (level 6, -2/53 HPs)
             Began as a Hill Orc Fighter on Sept 17, 2020.
             Slain by a bullfrog (4 damage)
             ... on level 7 of the Dungeon.
             The game lasted 00:07:27 (3374 turns).

Eitelfritz the Shield-Bearer (Hill Orc Fighter)     Turns: 3374, Time: 00:07:29

Health: -2/53      AC: 11    Str: 19    XL:     6   Next: 15%
Magic:  6/6        EV:  4    Int: 10    God:
Gold:   120        SH:  9    Dex: 10    Spells: 5/5 levels left

rFire    . . .     SeeInvis .   a - +0 long sword
rCold    . . .     Gourm    .   c - +0 kite shield
rNeg     . . .     Faith    .   s - +0 plate armour
rPois    .         Spirit   .   (no helmet)
rElec    .         Reflect  .   (no cloak)
rCorr    .         Harm     .   (no gloves)
MR       .....                  (no boots)
Stlth    ..........             (no amulet)
HPRegen  0.17/turn              (no ring)
MPRegen  0.10/turn              (no ring)

@: no status effects
A: no striking features
a: no special abilities


You were on level 7 of the Dungeon.
You were not hungry.

You visited 1 branch of the dungeon, and saw 5 of its levels.

You collected 120 gold pieces.

Inventory:

Hand Weapons
 a - a +0 long sword (weapon)
Missiles
 e - 236 stones
 n - 7 javelins (quivered)
Armour
 c - a +0 kite shield (worn)
 s - a +0 plate armour (worn)
Wands
 q - a wand of acid (9)
Scrolls
 g - a scroll of blinking {unknown}
 i - a scroll of teleportation {unknown}
 k - 3 scrolls of identify {unknown}
 o - a scroll of amnesia {unknown}
 p - a scroll of noise {unknown}
 r - a scroll of enchant armour {unknown}
 t - a scroll of immolation {unknown}
 u - 2 scrolls of remove curse {unknown}
Potions
 b - a potion of ambrosia {unknown}
 j - a potion of invisibility {unknown}
 l - 2 potions of flight
 m - a potion of berserk rage {unknown}
Comestibles
 f - 2 rations


   Skills:
 + Level 4.5 Fighting
 + Level 4.1 Long Blades
 + Level 4.0 Armour
 + Level 1.2 Dodging
 + Level 4.9 Shields


You had 5 spell levels left.
You didn't know any spells.
Your spell library was empty.

Dungeon Overview and Level Annotations

Branches:
Dungeon (4/15)
 Temple: D:4-7

Altars:
Fedhas
Trog


Message History

The hound barely misses you.
You riposte.
You closely miss the hound.
The hound is heavily wounded.
You block the bullfrog's attack. The hound bites you.
You closely miss the hound.
The hound is heavily wounded.
The bullfrog hits you but does no damage.
The hound bites you.
* * * LOW HITPOINT WARNING * * *
The bullfrog hits you.
* * * LOW HITPOINT WARNING * * *
The hound bites you.
* * * LOW HITPOINT WARNING * * *
You closely miss the hound.
The hound is heavily wounded.
The bullfrog hits you.
* * * LOW HITPOINT WARNING * * *
The hound bites you.
* * * LOW HITPOINT WARNING * * *
The bullfrog hits you.
You die...

#.. ##.# . ...#
#. ... #..# #
#.# #####.....
#..#.# #.#
#.@h......
#..#.######.#
#F###.....
#.Y..........
#{# ... #..#
###.###Z####..
# #..#
..#...(.......#
#..#
#.#...........#
#..#
#.#.###.......#
#..# ####.#.#
######..#
...###......#
.#


You could see a bullfrog, a hound and a killer bee zombie.

Vanquished Creatures
  A sky beast (D:4)
  7 adders
  An ooze (D:1)
  3 worms
  2 dart slugs (D:1)
  2 leopard geckos
  An orc (D:4)
  3 bats
  6 giant cockroaches
  12 goblins
  6 hobgoblins
  6 jackals
  7 kobolds
  2 quokkas
  6 frilled lizards
  6 rats
71 creatures vanquished.

Notes
Turn   | Place    | Note
-------+----------+-------------------------------------------
     0 | D:1      | Eitelfritz the Hill Orc Fighter began the quest for the
                  | Orb.
     0 | D:1      | Reached XP level 1. HP: 19/19 MP: 1/1
    74 | D:1      | Reached XP level 2. HP: 23/27 MP: 2/2
   587 | D:1      | Reached XP level 3. HP: 33/33 MP: 3/3
  1242 | D:1      | Reached XP level 4. HP: 27/40 MP: 4/4
  2070 | D:3      | Reached skill level 1 in Dodging
  2160 | D:3      | Reached XP level 5. HP: 43/46 MP: 5/5
  2464 | D:3      | Found a bloodstained altar of Trog.
  2760 | D:3      | Found a blossoming altar of Fedhas.
  2990 | D:4      | Noticed a sky beast
  3032 | D:4      | Killed a sky beast
  3032 | D:4      | Reached XP level 6. HP: 11/53 MP: 6/6
  3337 | D:4      | You fall into a shaft and drop 3 floors!
  3338 | D:7      | Noticed a sky beast
  3374 | D:7      | HP: 2/53 [hound (1)]
  3374 | D:7      | Slain by a bullfrog

Illustrated notes

Levels and vault maps discovered:
D:1:      dpeg_arrival_rhombi, layout_loops_ring, serial_forest,
          infiniplex_forest_lined_2, infiniplex_forest_lined_3
D:2:      layout_rooms
D:3:      layout_basic, lemuel_coloured_pillars_altar, first_ration,
          trog_hazing_becter
D:4:      layout_basic
D:7:      layout_loops_ring

Skill      XL: |  1  2  3  4  5 |
---------------+----------------+-----
Shields        | 4 |  4.9
Long Blades    | 3 4 |  4.1
Fighting       | 4 |  4.5
Dodging        | 1 |  1.2
Armour         | 4 |  4.0

Action                   |  1- 3 |  4- 6 || total
-------------------------+-------+-------++-------
Melee: Long sword        |    89 |   227 ||   316
  Use: Potion            |       |     4 ||     4
  Eat: Chunk             |     1 |     5 ||     6
       Ration            |       |     1 ||     1
Armor: Scale mail        |    52 |    50 ||   102
       Plate armour      |       |   127 ||   127
       Skin              |       |     5 ||     5
Dodge: Dodged            |    35 |    63 ||    98
Block: Kite shield       |    50 |   123 ||   173
       Rpst.: Long sword |    12 |    15 ||    27
